[Event "WJCC U20 Girls 2019"]
[Site "New Delhi"]
[Date "2019.10.15"]
[Round "1.46"]
[White "Djuric, Anja"]
[Black "Ferkova, Dominika"]
[Result "0-1"]
[ECO "B12"]
[WhiteElo "1493"]
[BlackElo "2096"]
[Annotator "NA"]
[PlyCount "41"]
[EventDate "2019.10.15"]
[EventType "swiss"]
[EventCountry "IND"]
[SourceTitle "playchess.com"]
[Source "ChessBase"]
[SourceQuality "1"]
[TimeControl "40/5400+30:1800+30"]

1. e4 c6 2. d4 d5 3. e5 Bf5 4. Nf3 e6 5. Be2 Ne7 6. O-O h6 7. h3 Nd7 8. b3 Bh7 9. Bb2 Ng6 10. Nbd2 Nf4 11. Re1 Nxe2+ 12. Rxe2 Be7 13. Nf1 O-O 14. Rc1 c5 15. c4 dxc4 16. bxc4 cxd4 17. Nxd4 a6 18. Nb3 Nc5 19. Nxc5 Bxc5 20. Rd2 Qg5 21. Qf3 0-1

[Event "WJCC U20 Girls 2019"]
[Site "New Delhi"]
[Date "2019.10.15"]
[Round "1.47"]
[White "Kairbekova, Amina"]
[Black "Reid, Caitlin"]
[Result "1-0"]
[ECO "B38"]
[WhiteElo "2096"]
[BlackElo "1489"]
[Annotator "NA"]
[PlyCount "30"]
[EventDate "2019.10.15"]
[EventType "swiss"]
[EventCountry "IND"]
[SourceTitle "playchess.com"]
[Source "ChessBase"]
[SourceQuality "1"]
[TimeControl "40/5400+30:1800+30"]

1. e4 c5 2. Nf3 Nc6 3. d4 cxd4 4. Nxd4 g6 5. c4 Bg7 6. Be3 e6 7. Nc3 a6 8. Be2 Nge7 9. O-O Qc7 10. Kh1 b6 11. f4 Bb7 12. Rc1 h5 13. Na4 Nc8 14. Bf3 e5 15. Ne2 Bh6 1-0

[Event "WJCC U20 Girls 2019"]
[Site "New Delhi"]
[Date "2019.10.16"]
[Round "2.4"]
[White "Assaubayeva, Bibisara"]
[Black "Aakanksha Hagawane"]
[Result "1/2-1/2"]
[ECO "D85"]
[WhiteElo "2381"]
[BlackElo "2181"]
[Annotator "NA"]
[PlyCount "104"]
[EventDate "2019.10.15"]
[EventType "swiss"]
[EventCountry "IND"]
[SourceTitle "playchess.com"]
[Source "ChessBase"]
[SourceQuality "1"]
[TimeControl "40/5400+30:1800+30"]

1. d4 Nf6 2. c4 g6 3. Nc3 d5 4. cxd5 Nxd5 5. e4 Nxc3 6. bxc3 Bg7 7. Nf3 c5 8. h3 O-O 9. Be2 Nc6 10. Be3 cxd4 {[%emt 0:03:42] D85: Exchange Grünfeld: Unusual White 7th moves and lines with 7 Nf3} 11. cxd4 Qa5+ (11... f5 12. Bc4+ Kh8 13. O-O f4 14. Bc1 Nxd4 15. Ba3 Qa5 16. Bxe7 Re8 17. Bd6 Rxe4 18. Rc1 {0-1 (79) Van Foreest,J (2618)-Vachier Lagrave,M (2780) La Roche sur Yon 2019}) 12. Bd2 Qa3 13. d5 Ne5 14. O-O Nxf3+ 15. Bxf3 b6 {[%emt 0:07:02] [#]} 16. Rc1 $146 ({Predecessor:} 16. Re1 Bb7 {½-½ (59) Parligras,M (2605)-Alsina Leal,D (2533) Barcelona 2017}) 16... Bb7 17. Bf4 Rfc8 18. Qd2 Bc3 19. Qe3 Bb2 20. Rb1 Qxe3 21. Bxe3 Be5 22. a4 Ba6 23. Rfd1 Rc7 24. Bd4 Bxd4 25. Rxd4 Rd8 26. Rdd1 Rc2 27. Rdc1 Rdc8 28. Rxc2 Rxc2 29. Bd1 Rc5 30. f3 Kf8 31. Kf2 Ke8 32. Rb2 Kd7 33. h4 e6 34. dxe6+ Kxe6 35. Rd2 Ke7 36. g4 h6 37. f4 Rc3 38. g5 hxg5 39. hxg5 Rd3 40. Rxd3 Bxd3 41. Ke3 Ba6 42. Kd4 Bc8 43. Bc2 Bd7 44. Kd5 $11 a5 45. f5 gxf5 46. exf5 b5 47. f6+ Ke8 48. Kd6 bxa4 49. g6 fxg6 50. Bxg6+ Kf8 51. Kxd7 a3 52. Bb1 Kf7 1/2-1/2

[Event "WJCC U20 Girls 2019"]
[Site "New Delhi"]
[Date "2019.10.16"]
[Round "2.5"]
[White "Potapova, Margarita"]
[Black "Cervantes Landeiro, Thalia"]
[Result "0-1"]
[ECO "D85"]
[WhiteElo "2377"]
[BlackElo "2176"]
[Annotator "NA"]
[PlyCount "56"]
[EventDate "2019.10.15"]
[EventType "swiss"]
[EventCountry "IND"]
[SourceTitle "playchess.com"]
[Source "ChessBase"]
[SourceQuality "1"]
[TimeControl "40/5400+30:1800+30"]

1. d4 Nf6 2. c4 g6 3. Nc3 d5 4. cxd5 Nxd5 5. e4 Nxc3 6. bxc3 Bg7 7. Nf3 O-O 8. Be3 c5 9. Be2 b6 {[%emt 0:02:08] D85: Exchange Grünfeld: Unusual White 7th moves and lines with 7 Nf3} 10. Rc1 Bb7 (10... e6 11. O-O Bb7 12. Qd3 Nd7 13. Bg5 {½-½ (13) Yu,Y (2764)-Artemiev,V (2709) St Petersburg 2018}) 11. d5 Qc7 12. c4 e6 $146 ({Predecessor:} 12... Nd7 13. O-O Rfd8 14. Qb3 Nf6 15. Qc2 Bc8 16. h3 e5 17. Nd2 {1-0 (45) Garcia Gorostegui,E (1949)-Nunez,B (1849) Tacuari 2018}) 13. Qd2 exd5 14. exd5 Re8 15. h4 Nd7 16. h5 Nf6 17. h6 Ne4 18. Qd3 Bf6 19. O-O Bc8 20. Rfe1 Bf5 21. Qb3 Re7 22. Bf1 Rae8 23. a4 Bg4 24. Nh2 Bh5 25. Bd3 Qd6 $11 26. Kh1 Nxf2+ 27. Bxf2 Bd4 28. Rxe7 Rxe7 0-1

[Event "WJCC U20 Girls 2019"]
[Site "New Delhi"]
[Date "2019.10.16"]
[Round "2.6"]
[White "Berdnyk, Mariia"]
[Black "Nilssen, Ellen Fredericia"]
[Result "1-0"]
[ECO "A16"]
[WhiteElo "2349"]
[BlackElo "2137"]
[Annotator "NA"]
[PlyCount "37"]
[EventDate "2019.10.15"]
[EventType "swiss"]
[EventCountry "IND"]
[SourceTitle "playchess.com"]
[Source "ChessBase"]
[SourceQuality "1"]
[TimeControl "40/5400+30:1800+30"]

1. c4 Nf6 2. Nc3 d5 3. cxd5 Nxd5 4. g3 g6 5. Bg2 Nb6 6. d3 Bg7 7. Be3 O-O 8. Qd2 c6 $11 9. Nf3 Na6 10. Bh6 Nd5 11. h4 Qd6 12. h5 Bxh6 13. Qxh6 gxh5 14. Qxd6 exd6 15. Nxd5 cxd5 16. Rxh5 Be6 17. Kd2 Rac8 18. Nd4 Nb4 19. f4 1-0

[Event "WJCC U20 Girls 2019"]
[Site "New Delhi"]
[Date "2019.10.16"]
[Round "2.8"]
[White "Munkhzul, Turmunkh"]
[Black "Avetisyan, Mariam"]
[Result "0-1"]
[ECO "B18"]
[WhiteElo "2332"]
[BlackElo "2110"]
[Annotator "NA"]
[PlyCount "45"]
[EventDate "2019.10.15"]
[EventType "swiss"]
[EventCountry "IND"]
[SourceTitle "playchess.com"]
[Source "ChessBase"]
[SourceQuality "1"]
[TimeControl "40/5400+30:1800+30"]

1. e4 c6 2. d4 d5 3. Nc3 dxe4 4. Nxe4 Bf5 5. Ng3 Bg6 6. h4 h6 7. Nf3 e6 8. Ne5 Bh7 9. Bd3 Bxd3 $11 10. Qxd3 Nd7 11. Bf4 Ngf6 12. O-O-O Bd6 13. Kb1 Qc7 14. Ne4 Nxe4 15. Qxe4 Nf6 16. Qf3 O-O-O 17. Rhe1 Rhf8 18. Bxh6 Ne8 19. Bc1 Kb8 20. g4 Ka8 21. h5 Be7 22. Bf4 Nd6 23. Be3 0-1

[Event "WJCC U20 Girls 2019"]
[Site "New Delhi"]
[Date "2019.10.16"]
[Round "2.12"]
[White "Harshita Guddanti"]
[Black "Solozhenkina, Elizaveta"]
[Result "1/2-1/2"]
[ECO "B18"]
[WhiteElo "2123"]
[BlackElo "2283"]
[Annotator "NA"]
[PlyCount "89"]
[EventDate "2019.10.15"]
[EventType "swiss"]
[EventCountry "IND"]
[SourceTitle "playchess.com"]
[Source "ChessBase"]
[SourceQuality "1"]
[TimeControl "40/5400+30:1800+30"]

1. e4 c6 2. d4 d5 3. Nc3 dxe4 4. Nxe4 Bf5 5. Ng3 Bg6 6. h4 h6 7. Nf3 e6 8. Ne5 Bh7 9. Bd3 Bxd3 10. Qxd3 Nd7 {[%emt 0:00:17] B19: Classical Caro-Kann: 4...Bf5 main line} 11. Bf4 (11. f4 Be7 12. Nh5 Ngf6 13. Nxg7+ Kf8 14. Nxe6+ fxe6 15. Bd2 Rh7 16. Rh3 c5 17. O-O-O cxd4 18. Rg3 {½-½ (27) Inarkiev,E (2682)-Tomashevsky,E (2706) Izhevsk 2019}) 11... Nxe5 12. Bxe5 Qa5+ 13. c3 Nf6 14. O-O Rd8 15. Qe2 Be7 16. Ne4 $146 ({Predecessor:} 16. Nh5 Nxh5 17. Qxh5 Bf6 18. Rfe1 {0-1 (36) Chahrour,I (2269)-Nezad,H (2404) Muscat 2015}) 16... Qd5 17. Rfe1 Qxe4 18. Qxe4 Nxe4 19. Rxe4 O-O 20. h5 Rd5 21. Rae1 Rfd8 22. b4 Bf6 $11 23. a4 b6 24. g4 Kf8 25. Kg2 Ra8 26. R4e2 Be7 27. Rb1 Rc8 28. Kf3 Bf6 29. c4 Rd7 30. Bxf6 gxf6 31. Re4 c5 32. bxc5 bxc5 33. Ke3 Rc6 34. Rb8+ Kg7 35. Rb5 cxd4+ 36. Rxd4 Rdc7 37. Kd3 e5 38. Re4 Rd6+ 39. Rd5 Rxd5+ 40. cxd5 Rc5 41. Rc4 Rxd5+ 42. Ke3 Rd1 43. f3 Rd6 44. f4 exf4+ 45. Ke4 1/2-1/2

[Event "WJCC U20 Girls 2019"]
[Site "New Delhi"]
[Date "2019.10.16"]
[Round "2.17"]
[White "Priyanka Nutakki"]
[Black "Lakshmi C"]
[Result "1-0"]
[ECO "A05"]
[WhiteElo "2248"]
[BlackElo "1859"]
[Annotator "NA"]
[PlyCount "80"]
[EventDate "2019.10.15"]
[EventType "swiss"]
[EventCountry "IND"]
[SourceTitle "playchess.com"]
[Source "ChessBase"]
[SourceQuality "1"]
[TimeControl "40/5400+30:1800+30"]

1. Nf3 Nf6 2. c4 g6 3. b3 Bg7 4. Bb2 d6 5. g3 O-O 6. Bg2 e5 7. O-O Ne8 8. Nc3 f5 9. d3 c6 10. b4 a5 11. b5 Be6 12. Nd2 Kh8 13. Rc1 Nf6 14. Na4 Nfd7 15. Ba3 Nf6 16. Qb3 Rf7 17. bxc6 Nxc6 18. e3 Ra6 19. Nc3 Bf8 20. Nd5 Qc8 21. Rb1 Ne8 22. f4 Bg7 23. Rfc1 Qd8 24. Qd1 g5 25. Kh1 g4 26. e4 Bxd5 27. cxd5 Nd4 28. exf5 exf4 29. gxf4 h5 30. Ne4 Rxf5 31. Ng3 Rf7 32. Nxh5 Qh4 33. Qe1 Qxh5 34. Qxe8+ Bf8 35. Bb2 Kg8 36. Bxd4 g3 37. h3 Qh4 38. Qe6 Ra8 39. Rxb7 Be7 40. Rbc7 Raf8 1-0

[Event "WJCC U20 Girls 2019"]
[Site "New Delhi"]
[Date "2019.10.16"]
[Round "2.19"]
[White "Potluri Supreetha"]
[Black "Diakonova, Ekaterina"]
[Result "0-1"]
[ECO "A43"]
[WhiteElo "1767"]
[BlackElo "2231"]
[Annotator "NA"]
[PlyCount "61"]
[EventDate "2019.10.15"]
[EventType "swiss"]
[EventCountry "IND"]
[SourceTitle "playchess.com"]
[Source "ChessBase"]
[SourceQuality "1"]
[TimeControl "40/5400+30:1800+30"]

1. d4 Nf6 2. Nf3 c5 3. d5 b5 4. c4 g6 $16 5. Qc2 d6 6. e4 Bg7 7. cxb5 a6 8. Nc3 O-O 9. h3 Ne8 10. bxa6 f5 11. exf5 Bxf5 12. Bd3 Nxa6 13. Bxf5 Rxf5 14. O-O Nb4 15. Qe4 Nf6 16. Qe6+ Kf8 17. Ng5 Qe8 18. f4 Nc2 19. Rb1 Nd4 20. Qe1 h5 21. Qd1 h4 22. Qe1 Nxd5 23. Qxh4 Nxc3 24. bxc3 Ne2+ 25. Kh2 Rxa2 26. Rf2 Nxc1 27. Rxc1 Rxf2 28. Qxf2 e5 29. Qd2 exf4 30. Qxd6+ Kg8 31. Rb1 0-1

[Event "WJCC U20 Girls 2019"]
[Site "New Delhi"]
[Date "2019.10.16"]
[Round "2.21"]
[White "Shuvalova, Polina"]
[Black "Savitha Shri B"]
[Result "1-0"]
[ECO "B40"]
[WhiteElo "2412"]
[BlackElo "1916"]
[Annotator "NA RC"]
[PlyCount "73"]
[EventDate "2019.10.15"]
[EventType "swiss"]
[EventCountry "IND"]
[SourceTitle "playchess.com"]
[Source "ChessBase"]
[SourceQuality "1"]
[TimeControl "40/5400+30:1800+30"]

1. e4 c5 2. Nf3 e6 3. c3 d5 4. exd5 exd5 5. d4 Nc6 6. Bb5 Nf6 7. O-O a6 {[%emt 0:04:50] B22: Sicilian: 2 c3} (7... Be7 8. dxc5 Bxc5 9. Re1+ Be6 10. Be3 Bxe3 11. Rxe3 O-O 12. h3 Qb6 13. a4 Rad8 14. Nd4 Nxd4 15. Qxd4 Qxd4 16. cxd4 {½-½ (74) Jones,G (2682)-Golubov,S (2482) St Petersburg 2018}) 8. Bxc6+ bxc6 9. Qa4 $146 ({Predecessor:} 9. Re1+ Be6 10. Ne5 Qb6 11. Qb3 Rb8 12. Nxc6 Qxb3 13. axb3 Rb6 14. Na5 cxd4 {1-0 (22) Chigarev,V (1661)-Shustov,D (1760) Kirov 2018}) 9... Bd7 10. Bg5 Be7 11. Ne5 Qc8 12. dxc5 O-O 13. Nd2 Bxc5 14. Bxf6 gxf6 15. Nxd7 Qxd7 16. Rad1 Kh8 17. Nb3 Bd6 18. Qh4 Be7 19. Rd3 Rg8 20. Re1 Rae8 21. Rh3 Rg7 22. Rhe3 Reg8 23. g3 Bd8 24. Nc5 Qd6 $18 (24... Qc8 $16 25. Nd3 Qg4 26. Qxg4 Rxg4) 25. Nb7 Qc7 26. Nxd8 Qxd8 27. Re7 Qd6 28. b4 f5 29. Qd4 Qg6 30. Ra7 h5 31. Rxa6 Rb8 32. a4 Kh7 33. b5 Rc8 34. Re5 f4 35. Qxf4 Kg8 36. Kg2 Qd6 37. Re8+ 1-0

[Event "WJCC U20 Girls 2019"]
[Site "New Delhi"]
[Date "2019.10.16"]
[Round "2.22"]
[White "Tanishka Kotia"]
[Black "Narva, Mai"]
[Result "0-1"]
[ECO "B22"]
[WhiteElo "2090"]
[BlackElo "2378"]
[Annotator "NA"]
[PlyCount "68"]
[EventDate "2019.10.15"]
[EventType "swiss"]
[EventCountry "IND"]
[SourceTitle "playchess.com"]
[Source "ChessBase"]
[SourceQuality "1"]
[TimeControl "40/5400+30:1800+30"]

1. e4 c5 2. c3 Nf6 3. e5 Nd5 4. d4 cxd4 5. cxd4 d6 6. Nf3 Nc6 7. Bc4 Nb6 8. Bb5 Bd7 9. Nc3 dxe5 {[%emt 0:00:39] B22: Sicilian: 2 c3} 10. dxe5 g6 11. O-O Bg7 12. Bf4 $146 ({Predecessor:} 12. Qe2 O-O {½-½ (42) Vysochin,S (2529)-Eljanov,P (2712) Kiev 2011}) 12... O-O 13. Qe2 a6 14. Bxc6 Bxc6 15. Rfd1 Nd5 16. Nxd5 Bxd5 17. Qe3 Rc8 18. Bh6 e6 19. h3 Rc2 20. b3 Qa5 21. Bxg7 Kxg7 22. Nh2 h5 23. g4 Qc3 24. Nf1 $19 hxg4 25. Qxc3 Rxc3 26. hxg4 Rh3 27. Ng3 Rfh8 28. Kf1 Bf3 29. Ke1 Bxd1 30. Rxd1 Rc8 31. Rd7 Rc2 32. Rxb7 Rh2 33. Rb4 Rhxf2 34. a4 Rg2 0-1

[Event "WJCC U20 Girls 2019"]
[Site "New Delhi"]
[Date "2019.10.16"]
[Round "2.27"]
[White "Di Benedetto, Desiree"]
[Black "Tsotsonava, Elene"]
[Result "0-1"]
[ECO "D02"]
[WhiteElo "2235"]
[BlackElo "1905"]
[Annotator "NA"]
[PlyCount "54"]
[EventDate "2019.10.15"]
[EventType "swiss"]
[EventCountry "IND"]
[SourceTitle "playchess.com"]
[Source "ChessBase"]
[SourceQuality "1"]
[TimeControl "40/5400+30:1800+30"]

1. d4 d5 2. Nf3 c5 3. g3 cxd4 4. Nxd4 e5 5. Nb3 Nf6 6. Bg2 Nc6 7. O-O Be6 8. Bg5 Be7 9. Nc3 d4 10. Bxf6 gxf6 11. Ne4 f5 12. Nec5 Bxb3 13. Nxb3 Rg8 14. Qd3 Qd7 15. Qb5 a6 16. Qb6 Rc8 17. c3 Bd8 18. Bxc6 Rxc6 $19 ({Stronger than} 18... Bxb6 19. Bxd7+ Kxd7 20. Rfd1 $14) 19. Qb4 f4 20. Nd2 Qh3 21. Qxb7 Rgg6 22. Rfc1 Rh6 23. Nf1 e4 24. cxd4 f3 25. exf3 exf3 26. Re1+ Kf8 27. Qb4+ Kg7 0-1

[Event "WJCC U20 Girls 2019"]
[Site "New Delhi"]
[Date "2019.10.16"]
[Round "2.28"]
[White "Bakshi, Rutuja"]
[Black "Priyanka, Kumari"]
[Result "0-1"]
[ECO "E62"]
[WhiteElo "2029"]
[BlackElo "1921"]
[Annotator "NA"]
[PlyCount "96"]
[EventDate "2019.10.15"]
[EventType "swiss"]
[EventCountry "IND"]
[SourceTitle "playchess.com"]
[Source "ChessBase"]
[SourceQuality "1"]
[TimeControl "40/5400+30:1800+30"]

1. Nf3 Nf6 2. c4 g6 3. g3 Bg7 4. Bg2 d6 5. Nc3 O-O 6. O-O c6 7. d4 Bf5 8. Nh4 Be6 9. d5 cxd5 10. cxd5 Bd7 11. Nf3 Na6 12. h3 Qb6 13. e4 Rfc8 14. Qe2 Nc5 15. Be3 Qa6 16. Qxa6 bxa6 17. Bxc5 Rxc5 18. e5 Ne8 19. Rfe1 Kf8 20. Rad1 Rb8 21. Rd2 h6 22. Bf1 a5 23. Bd3 Bxh3 24. Bb1 dxe5 25. Nxe5 Bxe5 26. Rxe5 Rxc3 27. bxc3 Rxb1+ 28. Kh2 Bf1 29. f4 Nd6 30. Rf2 Bc4 31. Rd2 a4 32. g4 a3 33. g5 Rb2 34. Rg2 Bf1 35. Rxb2 axb2 36. Re1 Bd3 37. gxh6 b1=Q 38. Rxb1 Bxb1 39. h7 Kg7 40. h8=Q+ Kxh8 41. a4 a5 42. Kg1 Bc2 43. Kf2 Bxa4 44. Ke3 Bb3 45. Kd2 a4 46. Kc1 a3 47. Kb1 Nc4 48. Ka1 Ne3 0-1

[Event "WJCC U20 Girls 2019"]
[Site "New Delhi"]
[Date "2019.10.16"]
[Round "2.30"]
[White "Ulziikhishigjargal, Ochirkhuyag"]
[Black "Fretel, Liza"]
[Result "1-0"]
[ECO "B59"]
[WhiteElo "2194"]
[BlackElo "1877"]
[Annotator "NA"]
[PlyCount "79"]
[EventDate "2019.10.15"]
[EventType "swiss"]
[EventCountry "IND"]
[SourceTitle "playchess.com"]
[Source "ChessBase"]
[SourceQuality "1"]
[TimeControl "40/5400+30:1800+30"]

1. e4 c5 2. Nf3 Nc6 3. d4 cxd4 4. Nxd4 Nf6 5. Nc3 d6 6. Be2 e5 7. Nb3 Be7 8. O-O O-O 9. Kh1 a5 10. a4 Nb4 11. f4 Be6 12. f5 Bd7 13. Bf3 Bc6 14. Bd2 d5 15. exd5 Nbxd5 16. Qe1 Nb4 17. Rc1 Qc7 18. Bxc6 bxc6 19. Ne4 c5 20. Bg5 Nxe4 21. Bxe7 Qxe7 22. Qxe4 Qc7 23. f6 gxf6 24. Rf3 f5 25. Rxf5 f6 26. Rcf1 Ra6 27. c3 c4 28. Nd2 Nd3 29. Nxc4 Nf4 30. g3 Ng6 31. Ne3 Kg7 32. Nd5 Qb8 33. h4 h5 34. Rxh5 Qxb2 35. Ne7 f5 36. Nxf5+ Kf7 37. Rh7+ Kg8 38. Qd5+ Kxh7 39. Qd7+ Kh8 40. Qg7# 1-0

[Event "WJCC U20 Girls 2019"]
[Site "New Delhi"]
[Date "2019.10.16"]
[Round "2.32"]
[White "Rindhiya V"]
[Black "Nastase, Andreea-Cristina"]
[Result "0-1"]
[ECO "B22"]
[WhiteElo "1817"]
[BlackElo "2077"]
[Annotator "NA"]
[PlyCount "150"]
[EventDate "2019.10.15"]
[EventType "swiss"]
[EventCountry "IND"]
[SourceTitle "playchess.com"]
[Source "ChessBase"]
[SourceQuality "1"]
[TimeControl "40/5400+30:1800+30"]

1. e4 c5 2. c3 Nf6 3. e5 Nd5 4. d4 cxd4 5. Nf3 e6 6. cxd4 d6 7. Bc4 Nb6 8. Bb3 dxe5 9. dxe5 Qxd1+ 10. Bxd1 Nc6 11. b3 Nb4 12. O-O Bd7 13. a3 Nd3 14. Be2 Nxc1 15. Rxc1 Nd5 16. Nc3 Nf4 17. Bf1 Rc8 18. g3 Ng6 19. Bb5 Bc6 20. Ne4 Be7 21. Nd4 Nxe5 22. f4 O-O 23. Nxc6 Nxc6 24. Bxc6 Rxc6 25. Rxc6 bxc6 26. Rc1 Bxa3 27. Rxc6 a5 28. Ra6 Bb4 29. Nd6 Bxd6 30. Rxd6 h6 31. Ra6 Rb8 32. Rxa5 Rxb3 33. Ra8+ Kh7 34. Ra7 Kg6 35. Kg2 Kf6 36. h3 g5 37. Ra4 Kg6 38. Rc4 Rb2+ 39. Kf3 Rh2 40. h4 gxh4 41. gxh4 Rxh4 42. Kg3 Rh1 43. Kg2 Ra1 44. Kg3 h5 45. Rc5 Ra3+ 46. Kg2 Rd3 47. Rg5+ Kh6 48. Rg8 h4 49. Rh8+ Kg6 50. Rxh4 Kf5 51. Kf2 Ke4 52. Ke2 Re3+ 53. Kd2 Rf3 54. f5+ Kxf5 55. Ra4 Rf4 56. Ra5+ e5 57. Ke3 Rb4 58. Ra3 Rh4 59. Ra7 Rh3+ 60. Kf2 f6 61. Ra6 Rb3 62. Rc6 Kg5 63. Re6 Rb5 64. Kf3 f5 65. Ra6 Rb3+ 66. Kf2 Kf4 67. Ra4+ e4 68. Ra5 Rb2+ 69. Ke1 Kg4 70. Kf1 f4 71. Ra3 e3 72. Ra1 Kf3 73. Rc1 Rd2 74. Re1 e2+ 75. Kg1 Rd1 0-1

[Event "WJCC U20 Girls 2019"]
[Site "New Delhi"]
[Date "2019.10.16"]
[Round "2.33"]
[White "Bauyrzhan, Arnash"]
[Black "Aouachria, Marwa"]
[Result "0-1"]
[ECO "B52"]
[WhiteElo "2075"]
[BlackElo "1839"]
[Annotator "NA"]
[PlyCount "82"]
[EventDate "2019.10.15"]
[EventType "swiss"]
[EventCountry "IND"]
[SourceTitle "playchess.com"]
[Source "ChessBase"]
[SourceQuality "1"]
[TimeControl "40/5400+30:1800+30"]

1. e4 c5 2. Nf3 d6 3. Bb5+ Bd7 4. Bxd7+ Qxd7 5. c4 Nc6 6. Nc3 g6 7. d4 cxd4 8. Nxd4 Bg7 9. Be3 Nf6 10. f3 O-O 11. O-O Rfc8 12. b3 Rab8 13. Rc1 a6 14. a4 b6 15. Qd2 Na5 16. Qa2 Nb7 17. Rfd1 Nc5 18. b4 e5 19. bxc5 exd4 20. Bxd4 bxc5 21. Bxf6 Bxf6 22. Nd5 Bg7 23. Rb1 Qa7 24. a5 Rd8 25. Rxb8 Rxb8 26. Rb1 Bd4+ 27. Kh1 Rxb1+ 28. Qxb1 Qd7 29. Qb3 Kg7 30. h3 h5 31. Kh2 h4 32. Qd1 Qd8 33. Qd2 Qb8 34. Nb6 d5+ 35. Kh1 dxc4 36. f4 c3 37. Qc1 Qb7 38. Qc2 Qc7 39. e5 Qc6 40. Na4 Qb5 41. Kh2 Qf1 0-1

[Event "WJCC U20 Girls 2019"]
[Site "New Delhi"]
[Date "2019.10.16"]
[Round "2.34"]
[White "Ortiz Verdezoto, Anahi"]
[Black "Noshin, Anjum"]
[Result "0-1"]
[ECO "D10"]
[WhiteElo "2055"]
[BlackElo "1793"]
[Annotator "NA"]
[PlyCount "118"]
[EventDate "2019.10.15"]
[EventType "swiss"]
[EventCountry "IND"]
[SourceTitle "playchess.com"]
[Source "ChessBase"]
[SourceQuality "1"]
[TimeControl "40/5400+30:1800+30"]

1. d4 d5 2. c4 c6 3. cxd5 cxd5 4. Nf3 Nf6 5. Nc3 e6 6. Bf4 Bd6 7. Bxd6 Qxd6 8. e3 a6 {[%emt 0:03:35] D13: Slav Defence: Exchange variation without ...Bf5} 9. a3 (9. Ne5 Nbd7 10. f4 b5 11. Bd3 Bb7 12. O-O O-O 13. Qe2 Rac8 14. a4 b4 15. Na2 Nb6 {1-0 (55) Zhao,Y (2396)-Aczel,G (2553) Budapest 2019}) 9... Nbd7 10. Qb3 $146 ({Predecessor:} 10. Bd3 O-O 11. O-O Rd8 12. Rc1 e5 13. dxe5 Nxe5 14. Nxe5 Qxe5 15. h3 Bd7 16. Bb1 Rac8 17. Qf3 Bc6 18. Qf5 Qd6 19. Rcd1 g6 20. Qg5 Kg7 21. Rd4 h6 {0-1 (36) Soler Nadal,J (1881)-Fardbehbahani,B (1979) Benidorm 2008}) 10... O-O 11. h3 b6 12. Bd3 Bb7 13. O-O Ne4 14. Rac1 f5 15. Ne2 Rac8 16. Qb4 h6 17. Qxd6 Nxd6 18. Nf4 Kf7 19. Be2 g5 20. Nd3 Rxc1 21. Rxc1 Rc8 22. Ra1 Ke7 23. a4 Ne4 24. a5 bxa5 25. Rxa5 g4 26. hxg4 fxg4 27. Nfe1 h5 28. Ra1 Nd6 29. Nf4 Nf6 30. Ned3 Rc2 31. Bd1 Rd2 32. Rc1 Nfe4 33. Ba4 h4 34. Rc7+ Kf6 35. Rh7 g3 36. fxg3 hxg3 37. Rh6+ Kg7 38. Rxe6 Bc6 39. Bb3 Bb5 40. Re7+ Kh6 41. Ne5 Rxb2 42. Ng4+ Kg5 43. Rg7+ Kf5 $11 (43... Kh4 $5 44. Bd1 $8 Be2 45. Rh7+ (45. Nxe2 Rd2 $17) (45. Bxe2 $2 Rb1+ 46. Bf1 Nd2 $19) 45... Kg5 46. Rg7+ (46. Nxe2 Rd2 $17) (46. Bxe2 $2 Rb1+ 47. Bf1 Nd2 $19) 46... Kh4 47. Rh7+ Kg5 48. Rg7+ Kh4 $11) 44. Nh6+ Kf6 45. Rg6+ Ke7 46. Nxd5+ Kd8 47. Rg8+ Be8 48. Bd1 Rb1 49. Kf1 Rxd1+ 50. Ke2 Rd2+ 51. Kf3 Rf2+ 52. Kg4 Nf6+ 53. Nxf6 Rxf6 54. Rh8 Kc7 55. e4 Bd7+ 56. Kxg3 Nxe4+ 57. Kh2 Rf4 58. Kg1 Ng3 59. d5 Ne2+ 0-1

[Event "WJCC U20 Girls 2019"]
[Site "New Delhi"]
[Date "2019.10.16"]
[Round "2.35"]
[White "Figueroa Bernal, Julia Dennis"]
[Black "Zhang, Xiao"]
[Result "0-1"]
[ECO "B12"]
[WhiteElo "1777"]
[BlackElo "2053"]
[Annotator "NA"]
[PlyCount "50"]
[EventDate "2019.10.15"]
[EventType "swiss"]
[EventCountry "IND"]
[SourceTitle "playchess.com"]
[Source "ChessBase"]
[SourceQuality "1"]
[TimeControl "40/5400+30:1800+30"]

1. e4 c6 2. d4 d5 3. e5 c5 4. dxc5 Nc6 5. Nf3 Bg4 6. c3 e6 7. b4 a6 8. Bf4 g5 9. Bg3 Bxf3 10. Qxf3 Bg7 11. Bd3 h5 12. h4 Nxe5 13. Qe2 Nxd3+ 14. Qxd3 Nh6 15. hxg5 Qxg5 16. Nd2 Qf5 17. Qxf5 Nxf5 18. Rc1 Nxg3 19. fxg3 a5 20. b5 Rc8 21. Nb3 a4 22. Na5 Rxc5 23. Nxb7 Rc7 24. Nd6+ Ke7 25. b6 Rxc3 0-1

[Event "WJCC U20 Girls 2019"]
[Site "New Delhi"]
[Date "2019.10.16"]
[Round "2.36"]
[White "Rathi Dhanashree"]
[Black "Jain Nityata"]
[Result "0-1"]
[ECO "D78"]
[WhiteElo "1692"]
[BlackElo "2029"]
[Annotator "NA"]
[PlyCount "78"]
[EventDate "2019.10.15"]
[EventType "swiss"]
[EventCountry "IND"]
[SourceTitle "playchess.com"]
[Source "ChessBase"]
[SourceQuality "1"]
[TimeControl "40/5400+30:1800+30"]

1. d4 Nf6 2. Nf3 g6 3. g3 Bg7 4. Bg2 O-O 5. O-O d5 6. c4 c6 7. b3 Ne4 8. Bb2 Be6 9. Qc1 $14 Nd7 10. Nbd2 Nxd2 11. Nxd2 dxc4 12. Nxc4 Nb6 13. Nxb6 Qxb6 14. e3 a5 15. Ba3 Bf6 16. Rb1 Rfd8 17. Qc2 Qa6 18. Rbc1 a4 19. b4 Bd5 20. e4 Be6 21. e5 Bg7 22. Rfd1 Qb6 23. Qb2 Rd7 24. Rc5 Rad8 25. Rd2 Bd5 26. b5 Bxg2 27. Kxg2 cxb5 28. Rxb5 Qc6+ 29. Kg1 Qf3 30. Rc5 Bh6 31. Rc3 Qe4 32. Rd1 Rxd4 33. Rxd4 Rxd4 34. Rc8+ Kg7 35. e6 f6 36. Qxd4 Qxd4 37. Bxe7 Qd1+ 38. Kg2 Qd5+ 39. f3 Qxe6 0-1

[Event "WJCC U20 Girls 2019"]
[Site "New Delhi"]
[Date "2019.10.16"]
[Round "2.37"]
[White "Arushi Kotwal"]
[Black "Tamarozi, Isabelle"]
[Result "1/2-1/2"]
[ECO "E97"]
[WhiteElo "1657"]
[BlackElo "2029"]
[Annotator "NA"]
[PlyCount "89"]
[EventDate "2019.10.15"]
[EventType "swiss"]
[EventCountry "IND"]
[SourceTitle "playchess.com"]
[Source "ChessBase"]
[SourceQuality "1"]
[TimeControl "40/5400+30:1800+30"]

1. d4 Nf6 2. Nf3 g6 3. c4 Bg7 4. Nc3 O-O 5. e4 d6 6. Be2 e5 7. O-O Nc6 8. dxe5 Nxe5 9. Nxe5 dxe5 10. Bg5 c6 11. Qxd8 Rxd8 12. Rfd1 Be6 13. Be3 Nd7 14. b3 h6 15. Rd2 f5 16. f3 f4 17. Bf2 Bf8 18. Rad1 Bb4 19. Rd3 Kf8 20. g4 Ke7 21. Bh4+ g5 22. Bf2 Rh8 23. Na4 b6 24. Ra1 Kf6 25. Rad1 Rh7 26. Bf1 Rah8 27. h3 h5 28. Bg2 Ke7 29. Kf1 hxg4 30. hxg4 Nf6 31. Bg1 Nd7 32. Bf2 Nf8 33. Rd8 Nd7 34. Rxh8 Rxh8 35. Be1 Bd6 36. Nb2 b5 37. cxb5 cxb5 38. Nd3 Rc8 39. Rc1 Rxc1 40. Nxc1 b4 41. Nd3 a5 42. Ke2 Nb8 43. Nb2 Bc5 44. Kd3 Nc6 45. Nc4 1/2-1/2